 Dungeon Crawl Stone Soup version 0.31.0-7-gf635a9b802 (webtiles) character file.

Game seed: 392501216761624031

11 Crownlay the Trooper (level 2, 0/25 HPs)
             Began as a Djinni Monk on Jan 23, 2024.
             Slain by a hobgoblin (1 damage)
             ... on level 1 of the Dungeon.
             The game lasted 00:00:59 (416 turns).

Crownlay the Trooper (Djinni Monk)                   Turns: 416, Time: 00:01:00

Health: 0/25       AC:  2    Str: 10    XL:     2   Next: 40%
Gold:   13         EV: 13    Int: 11    God:
                   SH:  0    Dex: 15

rFire   + + .        a - +0 short sword
rCold   x . .        d - orb {light}
rNeg    . . .        b - +0 robe
rPois   ∞            (no helmet)
rElec   .            (no cloak)
rCorr   .            (no gloves)
SInv    .            (boots unavailable)
Will    .....        (no amulet)
Stlth   +            (no ring)
HPRegen 0.24/turn    (no ring)
MPRegen 0.00/turn

%: infuse magic (-1 HP)
@: flying, glowing
A: sickness immunity, fire resistance 2, cold vulnerability 1, float, innate
caster, HP casting, extra vitality 1
a: no special abilities


You were on level 1 of the Dungeon.
You visited 1 branch of the dungeon, and saw 1 of its levels.

You collected 13 gold pieces.

Inventory:

Hand Weapons
 a - a +0 short sword (weapon)
Missiles
 g - 6 silver javelins (quivered)
Armour
 b - a +0 robe (worn)
 d - an orb of light (worn)
Scrolls
 f - a scroll of immolation {unknown}
 h - a scroll of identify {unknown}
 i - a scroll of acquirement {unknown}
Potions
 c - a potion of ambrosia
 e - a potion of haste {unknown}
 j - a potion of curing {unknown}


   Skills:
 * Level 3.4 Fighting
 - Level 2.6 Short Blades
 - Level 3.2 Dodging
 + Level 0.5 Spellcasting
 + Level 0.5 Conjurations
 + Level 0.5 Hexes
   Level 0.0 Charms
 + Level 0.5 Summonings
 + Level 0.5 Necromancy
 + Level 0.5 Translocations
   Level 0.0 Transmutations
 + Level 0.5 Fire Magic
 + Level 0.5 Ice Magic
 + Level 0.5 Air Magic
 + Level 0.5 Earth Magic
 + Level 0.5 Alchemy You didn't know any spells. Your spell library was empty.

Dungeon Overview and Level Annotations

Branches:
Dungeon (1/15)

Altars:


Innate Abilities, Weirdness & Mutations

You are immune to sickness and miasma.
You are immune to poison.
Your flesh is very heat resistant. (rF++)
You are vulnerable to cold. (rC-)
You float through the air rather than walking.
You learn spells naturally, not from books.
Your magical power is your life essence.
You have superior vitality. (+4 MHP)


Message History

Found 2 lumpy brown potions.
You hit the endoplasm.
The endoplasm is severely wounded.
The endoplasm barely misses you.
You hit the endoplasm.
The endoplasm is almost dead.
The endoplasm freezes you.
You are frozen.
You feel a terrible chill!
You hit the endoplasm but do no damage.
The endoplasm is almost dead.
The kobold completely misses you. The kobold barely misses you.
The endoplasm closely misses you.
You hit the endoplasm but do no damage.
The endoplasm is almost dead.
The endoplasm misses you. The kobold hits you with a +0 club.
The kobold hits you with a +0 dagger.
You hit the endoplasm but do no damage.
The endoplasm is almost dead.
The kobold hits you with a +0 club. The endoplasm freezes you.
You are frozen.
You feel a terrible chill!
* * * LOW HITPOINT WARNING * * *
The kobold hits you but does no damage. The hobgoblin hits you.
* * * LOW HITPOINT WARNING * * *
The kobold barely misses you.
The hobgoblin attacks as it pursues you!
The hobgoblin hits you.
* * * LOW HITPOINT WARNING * * *
You hit the hobgoblin but do no damage. The hobgoblin hits you.
* * * LOW HITPOINT WARNING * * *
You barely miss the hobgoblin. The hobgoblin hits you.
* * * LOW HITPOINT WARNING * * *
You hit the hobgoblin.
The hobgoblin is heavily wounded.
The hobgoblin barely misses you.
You barely miss the hobgoblin.
The hobgoblin is heavily wounded.
The hobgoblin hits you.
You die...

##.## #.# #.# #.# #.# #.#
#.# #.# #.#####.# #....##.#
#..#.##.# ##...##.# ##@###.#
#g# #)# ##r###.#
###JK.##.###########
#...K.##...........#
########.#...###.#####.##.##
#.......K.#.## #............
#...#.#..:#.# ###...........
#.. .......#.#
#...~≈~≈~~~~~~


You could see an endoplasm, a quokka, a hobgoblin and 2 kobolds.

Vanquished Creatures
  2 ball pythons (D:1)
  3 bats (D:1)
  2 goblins (D:1)
  A frilled lizard (D:1)
  2 kobolds (D:1)
10 creatures vanquished.

Notes
Turn   | Place    | Note
-------+----------+-------------------------------------------
     0 | D:1      | Crownlay the Djinni Monk began the quest for the Orb.
     0 | D:1      | Reached XP level 1. HP: 20/20 MP: 0/0
    83 | D:1      | Reached XP level 2. HP: 25/25 MP: 0/0
   414 | D:1      | HP: 1/25 [hobgoblin (2)]
   416 | D:1      | Slain by a hobgoblin

Illustrated notes

Levels and vault maps discovered:
D:1:      dpeg_arrival_castle, layout_loops_ring,
          hellmonk_ecumenical_altar_inner_sanctum, st_stairs_2

Action                     || total
---------------------------++-------
  Melee: Short sword       ||    51
 Armour: Robe              ||    32
  Dodge: Dodged            ||    47
